 Dungeon Crawl Stone Soup version 0.31.0-4-g52a2dc7128 (webtiles) character file.

Game seed: 9433723526009974111

2583 Bobbunny the Fighter (level 9, 0/78 HPs)
             Began as a Formicid Fighter on Jan 21, 2024.
             Was a Priest of Okawaru.
             Slain by a wyvern (3 damage)
             ... on level 7 of the Dungeon.
             The game lasted 00:05:51 (5164 turns).

Bobbunny the Fighter (Formicid Fighter)             Turns: 5164, Time: 00:05:51

Health: 0/78       AC: 11    Str: 25    XL:     9   Next: 88%
Magic:  9/9        EV:  6    Int:  8    God:    Okawaru [***...]
Gold:   280        SH:  5    Dex: 15    Spells: 8/8 levels left

rFire   . . .        x - +0 battleaxe
rCold   . . .        c - +0 buckler
rNeg    . . .        C - +0 plate armour
rPois   +            (helmet unavailable)
rElec   +            (no cloak)
rCorr   .            (no gloves)
SInv    +            (no boots)
Will    .....        p - amulet of regeneration Stlth
                     e - ring "Bitwo" {Wiz ^Contam rElec rPois Dex+2}
HPRegen 1.13/turn    (no ring)
MPRegen 0.11/turn

%: wizardry (x1)
@: no status effects
A: permanent stasis, dig shafts and tunnels, antennae 3, four strong arms
a: Dig, Shaft Self, Renounce Religion, Heroism


You were on level 7 of the Dungeon.
You worshipped Okawaru.
Okawaru was most pleased with you.
You visited 1 branch of the dungeon, and saw 8 of its levels.

You collected 280 gold pieces.

Inventory:

Hand Weapons
 a - a +0 war axe
 x - a +0 battleaxe (weapon)
Missiles
 f - 18 poisoned darts
 y - 5 boomerangs (quivered)
 F - 3 throwing nets
Armour
 c - a +0 buckler (worn)
 C - a +0 plate armour (worn)
Jewellery
 e - the ring "Bitwo" (left hand) {Wiz ^Contam rElec rPois Dex+2}
   (You found it on level 2 of the Dungeon)

   [ring of wizardry]

   Wiz:       It improves your spell success rate.
   Dex+2:     It affects your dexterity (+2).
   rElec:     It insulates you from electricity.
   rPois:     It protects you from poison ^Contam: It causes magical
   contamination when unequipped.
 i - a ring of ice
 p - an amulet of regeneration (around neck)
 B - a +6 ring of intelligence
Wands
 D - a wand of polymorph (12)
 H - a wand of mindburst (20)
Scrolls
 b - a scroll of amnesia {unknown}
 g - a scroll of fog {unknown}
 k - 3 scrolls of teleportation {unknown}
 n - 2 scrolls of poison {unknown}
 q - 3 scrolls of identify {unknown}
 s - a scroll of torment {unknown}
 u - a scroll of blinking {unknown}
 v - a scroll of fear {unknown}
 z - a scroll of acquirement {unknown}
 E - 5 scrolls of enchant weapon {unknown}
 G - a scroll of noise {unknown}
 I - a scroll of summoning {unknown}
Potions
 d - a potion of might
 h - a potion of enlightenment {unknown}
 j - a potion of mutation {unknown}
 l - a potion of cancellation {unknown}
 m - 2 potions of heal wounds {unknown}
 o - a potion of haste {unknown}
 r - a potion of ambrosia {unknown}
 t - a potion of degeneration {unknown}
 w - a potion of brilliance {unknown}
 A - a potion of lignification {unknown}
 J - a potion of curing {unknown}


   Skills:
 + Level 10.0 Fighting
 + Level 8.8 Axes
 + Level 3.6 Throwing
 - Level 3.2 Armour
 - Level 4.0 Shields


You had 8 spell levels left.
You didn't know any spells.
Your spell library contained the following spells:

 Spells                   Type           Power      Damage    Failure   Level
 Apportation              Tloc           0%         N/A       96%         1
 Magic Dart               Conj           0%         1d3       96%         1
 Sandblast                Erth           0%         2d4       96%         1
 Jinxbite                 Hex            0%         N/A       99%         2
 Lesser Beckoning         Tloc           0%         N/A       99%         2
 Gell's Gravitas          Tloc           0%         N/A       100%        3
 Passwall                 Erth           0%         N/A       100%        3
 Stone Arrow              Conj/Erth      0%         3d7       100%        3
 Teleport Other           Tloc           0%         N/A       100%        3
 Brom's Barrelling Bould  Conj/Erth      0%         2d3       100%        4
 Borgnjor's Vile Clutch   Necr/Erth      0%         N/A       100%        5
 Yara's Violent Unravell  Hex/Alch       0%         3d3       100%        5
 Enfeeble                 Hex            0%         N/A       100%        7
 Chain Lightning          Conj/Air       0%         N/A       100%        9
 Fire Storm               Conj/Fire      0%         5d1       100%        9
 Shatter                  Erth           0%         3d5*      100%        9
 Blink                    Tloc           Unusable   N/A       N/A         2
 Call Imp                 Summ           Unusable   N/A       N/A         2
 Animate Armour           Summ/Erth      Unusable   N/A       N/A         4
 Vhi's Electric Charge    Tloc/Air       Unusable   N/A       N/A         4

Dungeon Overview and Level Annotations

Branches:
Dungeon (8/15)             Temple (0/1) D:5
   Lair: D:8-11

Altars:
Elyvilon
Hepliaklqana
Kikubaaqudgha
Nemelex Xobeh
Okawaru
Ru
Uskayaw

Annotations:
D:7 2 transporters, occam's ghost, novice OpSh
D:8 Maggie


Innate Abilities, Weirdness & Mutations

You cannot be hasted, slowed, berserked, paralysed or teleported.
You can dig through walls and to a lower floor.
You have a pair of large antennae on your head. (SInv)
Your four strong arms can wield two-handed weapons with a shield.


Message History

No target in view!
You see here a bullfrog corpse.
You sense a monster nearby.
Maggie the Vainglorious comes into view.
She is wielding a +2 glaive of distortion.
You see here 2 scrolls labelled ZOTOUS VIWU.
Maggie casts a spell at you. The bolt of fire hits you!
You see here a bullfrog corpse.
A wyvern comes into view.
The wyvern hisses angrily.
A wyvern is nearby!
There is a stone staircase leading up here.
HP restored.
The wyvern bites you!
The wyvern bites you but does no damage.
You climb upwards.
Level annotation: 2 transporters, occam's ghost, novice OpSh
There is a stone staircase leading down here.
You hit the wyvern but do no damage. You block the wyvern's attack.
The wyvern bites you!
You slice the wyvern!!
The wyvern is heavily wounded.
The wyvern bites you!
The wyvern bites you but does no damage.
You barely miss the wyvern.
The wyvern is heavily wounded.
The wyvern bites you! You block the wyvern's attack.
You closely miss the wyvern.
The wyvern is heavily wounded.
The wyvern bites you! x2
* * * LOW HITPOINT WARNING * * *
You slash the wyvern!
The wyvern is almost dead.
The wyvern bites you!
* * * LOW HITPOINT WARNING * * *
The wyvern bites you!
* * * LOW HITPOINT WARNING * * *
You hit the wyvern but do no damage.
The wyvern is almost dead.
The wyvern bites you.
You die...

##..##.5g##..## #.## #.#.....
##..#####....###..#######.#.....
#.....©...#...###......##.......
#..#.....##.#.....####..##).....
##......####.#####....##.........
...###### #.# ####.##..#.####.
#### #)# #....##....## ###
####.########.##.#####.# ..##
#......k@......#.## #.## ...##
#..........###....## #... .<..#
#.........## ##....###### ....#
#.........# ###...### ....#
#.........# #####....### ...##
#.........# #........... .<##
#.........# #....##≈~... ###
#.........# #..###≈≈##~.
#.........# #..~≈≈≈#≈≈#.


You could see a wyvern.

Vanquished Creatures
  Prince Ribbit (D:7)
  Eustachio (D:5)
  A wyvern (D:7)
  Edmund (D:5)
  A water moccasin (D:7)
  Duvessa (D:5)
  An orc warrior (D:3)
  2 sky beasts (D:7)
  An ogre (D:6)
  A centaur (D:6)
  A phantom (D:6)
  A kobold brigand (D:7)
  2 bullfrogs
  2 scorpions
  Dowan (D:5)
  A bombardier beetle (D:6)
  An electric eel (D:7)
  3 orc priests
  6 hounds
  2 gnoll boudas
  3 iguanas
  2 jellies (D:7)
  An orc wizard (D:3)
  13 gnolls
  10 adders
  A white imp (D:7)
  2 ufetubi (D:4)
  2 ribbon worms
  28 orcs
  4 bats
  A bat zombie (D:3)
  10 endoplasms
  2 giant cockroaches (D:4)
  9 goblins
  10 hobgoblins
  7 kobolds
  2 quokkas
  7 ball pythons
  4 frilled lizards
  2 frilled lizard zombies (D:3)
  2 rats
153 creatures vanquished.

Notes
Turn   | Place    | Note
-------+----------+-------------------------------------------
     0 | D:1      | Bobbunny the Formicid Fighter began the quest for the Orb.
     0 | D:1      | Reached XP level 1. HP: 18/18 MP: 1/1
    66 | D:1      | Reached XP level 2. HP: 13/24 MP: 2/2
   296 | D:1      | Reached XP level 3. HP: 30/30 MP: 3/3
   474 | D:1      | Reached skill level 4 in Fighting
  1093 | D:2      | Reached XP level 4. HP: 34/37 MP: 4/4
  1481 | D:2      | Identified the ring "Bitwo" {Wiz ^Contam rElec rPois Dex+2}
  1617 | D:3      | Found a sacrificial altar of Ru.
  1667 | D:3      | Found a faded altar of an unknown god.
  1717 | D:3      | Found an ancient bone altar of Kikubaaqudgha.
  1756 | D:3      | Reached XP level 5. HP: 43/43 MP: 5/5
  1803 | D:3      | Reached skill level 5 in Fighting
  1916 | D:3      | Noticed an orc warrior
  1939 | D:4      | Reached XP level 6. HP: 33/51 MP: 6/6
  2097 | D:4      | Found an iron altar of Okawaru.
  2110 | D:4      | Became a worshipper of Warmaster Okawaru
  2359 | D:4      | Reached skill level 6 in Fighting
  2359 | D:4      | Reached skill level 5 in Axes
  2493 | D:4      | Reached XP level 7. HP: 51/58 MP: 7/7
  2728 | D:3      | Reached * piety under Okawaru
  2815 | D:3      | Got the Anthology of the Hills
  2895 | D:5      | Entered Level 5 of the Dungeon
  2902 | D:5      | Noticed Eustachio
  2992 | D:5      | Killed Eustachio
  2993 | D:5      | Reached skill level 7 in Fighting
  2993 | D:5      | Reached XP level 8. HP: 44/67 MP: 8/8
  3068 | D:5      | Noticed Edmund
  3081 | D:5      | Killed Edmund
  3208 | D:5      | Found a sparkling altar of Nemelex Xobeh.
  3213 | D:5      | Reached ** piety under Okawaru
  3265 | D:5      | Noticed Duvessa
  3266 | D:5      | Noticed Dowan
  3274 | D:5      | Killed Duvessa
  3275 | D:5      | Reached skill level 8 in Fighting
  3287 | D:5      | Killed Dowan
  3429 | D:5      | Found a staircase to the Ecumenical Temple.
  3643 | D:6      | Found a white marble altar of Elyvilon.
  3920 | D:6      | Reached XP level 9. HP: 69/75 MP: 9/9
  4016 | D:6      | Found a hazy altar of Hepliaklqana.
  4141 | D:6      | Reached skill level 9 in Fighting
  4549 | D:7      | Reached *** piety under Okawaru
  4550 | D:7      | Reached skill level 1 in Throwing
  4554 | D:7      | Noticed an unseen horror
  4558 | D:7      | Found a transporter.
  4642 | D:7      | Found a transporter.
  4664 | D:7      | Noticed occam's ghost (novice OpSh)
  4884 | D:7      | Noticed Prince Ribbit
  4906 | D:7      | Killed Prince Ribbit
  4983 | D:7      | Found a hide-covered altar of Uskayaw.
  5137 | D:8      | Reached skill level 10 in Fighting
  5141 | D:8      | Noticed Maggie
  5163 | D:7      | HP: 2/78 [wyvern (15)]
  5164 | D:7      | Slain by a wyvern

Illustrated notes

Levels and vault maps discovered:
D:1:      kennysheep_arrival_forest, layout_rooms, kennysheep_boxes
D:2:      layout_loops_corners
D:3:      layout_rooms, lemuel_zombie_altar_kikubaaqudgha,
          mainiacjoe_overflow_six_doors_small, shapermc_ecumenical_altar_venn
D:4:      layout_loops_cross, mainiacjoe_overflow_24_doors
D:5:      layout_rooms, nemelex_xobeh_ov_fountains_minmay,
          lemuel_temple_firewalk_b, serial_library_hellmonk_layered_room,
          uniq_edmund, uniq_eustachio, uniq_duvessa
D:6:      layout_basic, worldfamousw_hep_ancestral_shrine,
          nicolae_elyvilon_temple_path
D:7:      layout_rooms, marbit_many_paths, nzn_ghost_randoct, minivault_4,
          uniq_prince_ribbit1
D:8:      layout_basic, serial_shops,
          nicolae_shop_temple_entry_statues_fountains,
          nicolae_shop_real_fake_doors, shop, shop, nicolae_shop_rolling_square,
          uniq_pikel, uniq_maggie, uniq_maurice

Skill      XL: |  1  2  3  4  5  6  7  8  9 |
---------------+----------------------------+-----
Fighting       | 4 5 6 7 8 10 | 10.0
Axes           | 3 4 5 6 7 8 |  8.8
Throwing       | 3 |  3.6
Armour         | |  3.2
Shields        | |  4.0

Action                     |  1- 3 |  4- 6 |  7- 9 || total
---------------------------+-------+-------+-------++-------
  Melee: War axe           |    88 |    47 |       ||   135
         Battleaxe         |       |   100 |   237 ||   337
         Unarmed           |       |       |    12 ||    12
  Throw: Boomerang         |       |       |     5 ||     5
         Dart              |       |       |     1 ||     1
 Invoke: Heroism           |       |       |     1 ||     1
Ability: Dig               |       |     1 |       ||     1
 Armour: Scale mail        |    71 |   146 |    28 ||   245
         Plate armour      |       |       |   241 ||   241
         Skin              |       |       |     9 ||     9
  Dodge: Dodged            |    40 |   115 |   101 ||   256
  Block: Buckler           |    27 |    54 |    46 ||   127
